 Dungeon Crawl Stone Soup version 0.30-a0-748-ge6a52f7cba (webtiles) character file.

Game seed: 15568735003396712190

84 boo the Insei (level 4, -1/37 HPs)
             Began as a Demonspawn Monk on Feb 8, 2023.
             Succumbed to a kobold's poison
             ... on level 2 of the Dungeon.
             The game lasted 00:03:53 (1159 turns).

boo the Insei (Demonspawn Monk)                     Turns: 1159, Time: 00:03:54

Health: -1/37      AC: 11    Str: 13    XL:     4   Next: 23%
Magic:  4/4        EV:  6    Int: 17    God:
Gold:   59         SH:  0    Dex: 16    Spells: 3/3 levels left

rFire   . . .      SeeInvis .    c - +2 short sword (venom)
rCold   . . .      Faith    .    (no shield)
rNeg    . . .      Spirit   .    d - +0 chain mail
rPois   .          Reflect  .    (no helmet)
rElec   .          Harm     .    (no cloak)
rCorr   .          Rampage  .    (no gloves)
Will    .....                    (no boots) Stlth
                                 (no amulet)
HPRegen 0.26/turn                h - +6 ring of intelligence
MPRegen 0.09/turn                (no ring)

@: lethally poisoned (-1 -> -17)
A: icy blue scales 2, demonic touch 1
a: no special abilities


You were on level 2 of the Dungeon.
You visited 1 branch of the dungeon, and saw 2 of its levels.

You collected 59 gold pieces.

Inventory:

Hand Weapons
 c - a +2 short sword of venom (weapon)
Armour
 a - a +0 robe
 d - a +0 chain mail (worn)
Jewellery
 h - a +6 ring of intelligence (left hand)
Scrolls
 e - a scroll of brand weapon {unknown}
 f - a scroll of poison {unknown}
 g - a scroll of immolation {unknown}
 i - a scroll of fog {unknown}
 l - a scroll of magic mapping {unknown}
 m - a scroll of butterflies {unknown}
 n - a scroll of identify {unknown}
 o - a scroll of enchant armour {unknown}
Potions
 b - a potion of ambrosia
 j - 2 potions of lignification {unknown}
 k - a potion of degeneration {unknown}


   Skills:
 + Level 3.6 Fighting
 + Level 3.2 Dodging
 - Level 1.7 Stealth
 * Level 3.8 Unarmed Combat


You had 3 spell levels left.
You didn't know any spells.
Your spell library contained the following spells:

 Spells                   Type           Power      Damage    Failure   Level
 Ozocubu's Armour         Ice            0%         N/A       100%        3
 Leda's Liquefaction      Hex/Erth       0%         N/A       100%        4
 Lee's Rapid Deconstruct  Erth           0%         3d4*      100%        5
 Metabolic Englaciation   Hex/Ice        0%         N/A       100%        5
 Simulacrum               Ice/Necr       0%         N/A       100%        6
 Statue Form              Tmut/Erth      0%         N/A       100%        6


Dungeon Overview and Level Annotations

Branches:
Dungeon (2/15)

Altars:

Annotations:
D:1 exclusion: downstairs


Innate Abilities, Weirdness & Mutations

You are mostly covered in icy blue scales. (AC +3)
Your touch may inflict minor irresistible damage on your foes.


Message History

A kobold comes into view. It is wielding a +2 dagger of venom.
The kobold shouts!
The kobold moves out of view.
A kobold is nearby!
You closely miss the kobold.
The kobold hits you with a +2 dagger of venom.
You are poisoned.
You hit the kobold but do no damage.
You feel sick.
The kobold hits you with a +2 dagger of venom.
You are more poisoned.
You closely miss the kobold. Your touch misses the kobold.
You feel very sick. The kobold hits you but does no damage.
You closely miss the kobold.
You feel sick. The kobold hits you but does no damage.
You hit the kobold but do no damage.
The kobold is poisoned.
You feel sick. The kobold hits you but does no damage.
You barely miss the kobold. Your touch misses the kobold.
You feel sick. The kobold hits you but does no damage.
You completely miss the kobold.
You feel sick. The kobold hits you but does no damage.
You are more poisoned.
You completely miss the kobold.
You feel very sick. The kobold hits you but does no damage.
You are lethally poisoned!
You hit the kobold.
The kobold looks even sicker.
The kobold is severely wounded.
You feel very sick. The kobold hits you but does no damage.
You are too injured to fight recklessly!
The kobold attacks as you move away!
The kobold hits you with a +2 dagger of venom.
You are more poisoned.
* * * LOW HITPOINT WARNING * * *
You feel extremely sick.
You kill the kobold!
* * * LOW HITPOINT WARNING * * *
You feel very sick.
You die...

#.....#### ...#
#.......... ....
#####....####.. #.##
####..).....####.
#..)............
####)##.........#.# .
...)............#.# .#
..†.)#.#..........####.#
..<.............@......#
...###.........#..#.##..
...###..######......#
.......##......##...#
.....#....#######).##
....<...### #.##
......### ... ........
#.# .....#### ###


There were no monsters in sight!

Vanquished Creatures
  Robin (D:2)
  An adder (D:2)
  A worm (D:2)
  An orc (D:2)
  4 ball pythons
  2 endoplasms (D:1)
  11 hobgoblins
  2 quokkas (D:1)
  5 bats
  6 frilled lizards
  10 goblins
  8 kobolds
  4 rats
56 creatures vanquished.

Notes
Turn   | Place    | Note
-------+----------+-------------------------------------------
     0 | D:1      | boo the Demonspawn Monk began the quest for the Orb.
     0 | D:1      | Reached XP level 1. HP: 18/18 MP: 1/1
   181 | D:1      | Gained mutation: Your touch may inflict minor irresistible
                  | damage on your foes. [demonic ancestry]
   181 | D:1      | Reached XP level 2. HP: 24/24 MP: 2/2
   553 | D:1      | Gained mutation: You are partially covered in icy blue
                  | scales. (AC +2) [demonic ancestry]
   553 | D:1      | Reached XP level 3. HP: 29/29 MP: 3/3
   655 | D:2      | Noticed Robin
   996 | D:1      | Gained mutation: You are mostly covered in icy blue scales.
                  | (AC +3) [demonic ancestry]
   996 | D:1      | Reached XP level 4. HP: 16/35 MP: 4/4
  1081 | D:2      | Killed Robin
  1159 | D:2      | Succumbed to a kobold's poison

Illustrated notes

Levels and vault maps discovered:
D:1:      dpeg_arrival_round_a, layout_basic
D:2:      layout_rooms, shapermc_ecumenical_altar_ellora,
          uniq_crazy_yiuf_cottage, uniq_robin

Skill      XL: |  1  2 |
---------------+-------+-----
Unarmed Combat | 3 |  3.8
Dodging        | 3 |  3.2
Fighting       | |  3.6
Stealth        | |  1.7

Action                     |  1- 3 |  4- 6 || total
---------------------------+-------+-------++-------
  Melee: Short sword       |   102 |    18 ||   120
         Unarmed           |     1 |       ||     1
         Touch             |    12 |     4 ||    16
         Punch             |     2 |       ||     2
   Stab: Sleeping          |     1 |       ||     1
 Armour: Robe              |     4 |       ||     4
         Chain mail        |    71 |    21 ||    92
  Dodge: Dodged            |    40 |     4 ||    44

Table legend: (Time is in decaauts)
 A = Elapsed time spent in this place.
 B = Non-inter-level travel time spent in this place.
 C = Inter-level travel time spent in this place.
 D = Time resting spent in this place.
 E = Time spent auto-exploring this place.
 F = Levels seen in this place.
 G = Mean time per level.
                   A        B        C        D        E       F      G
               +--------+--------+--------+--------+--------+-----+--------+
         Total |   1160 |   1115 |     45 |    213 |    579 |   2 |  580.0 |
       Dungeon |   1160 |   1115 |     45 |    213 |    579 |   2 |  580.0 |
               +--------+--------+--------+--------+--------+-----+--------+

Top non-repeatable levels by time:
     D:1: 828 daAuts
     D:2: 331 daAuts
